 Dungeon Crawl Stone Soup version 0.21-a0-516-gaaff437 (webtiles) character file.

5439 Gerstahl the Prestidigitator (level 10, -2/79 HPs)
             Began as a Demonspawn Artificer on Dec 3, 2017.
             Was a Believer of Ashenzari.
             Hit by a tomahawk thrown by an orc warrior (15 damage)
             ... on level 9 of the Dungeon.
             The game lasted 00:35:38 (9230 turns).

Gerstahl the Prestidigitator (Demonspawn Artificer) Turns: 9230, Time: 00:35:39

Health: -2/79      AC:  4    Str: 13    XL:     10   Next: 41%
Magic:  0/17       EV: 15    Int: 13    God:    Ashenzari [**....]
Gold:   432        SH:  4    Dex: 16    Spells: 9/9 levels left

rFire    . . .     SeeInvis .   o - +1 short sword (flame)
rCold    . . .     Gourm    .   (no shield)
rNeg     . . .     Faith    .   b - +1 leather armour
rPois    .         Spirit   +   (helmet restricted)
rElec    .         Reflect  .   (no cloak)
rCorr    .         Harm     .   (no gloves)
MR       .....                  (no boots)
Stlth    ++........             n - amulet of regeneration
HPRegen  0.63/turn              (no ring)
MPRegen  0.30/turn              (no ring)

@: about to teleport
A: antennae 1, large bone plates 1, spiny 1, magic shield, magic regeneration,
magic link
a: Curse Item, Scrying, Renounce Religion


You were on level 9 of the Dungeon.
You worshipped Ashenzari.
Ashenzari was pleased with you.
You were hungry.

You visited 2 branches of the dungeon, and saw 10 of its levels.

You collected 432 gold pieces.

Inventory:

Hand Weapons
 a - a +0 short sword
 o - a +1 short sword of flaming (weapon)
Armour
 b - a +1 leather armour (worn)
 w - a +0 animal skin
 x - a +2 helmet
Jewellery
 n - an amulet of regeneration (around neck)
 y - an uncursed ring of fire
 z - an uncursed ring of resist corrosion
 A - an uncursed amulet of faith
Wands
 d - a wand of enslavement (14)
 e - a wand of random effects (29)
 f - a wand of acid (14)
 D - a wand of iceblast (7)
Scrolls
 i - a scroll of teleportation
 j - 2 scrolls of enchant armour
 m - 5 scrolls of remove curse
 q - 2 scrolls of magic mapping
 s - 6 scrolls of identify
 u - 2 scrolls of amnesia
 v - 3 scrolls of enchant weapon
Potions
 h - 5 potions of flight
 r - a potion of degeneration
 B - a potion of agility
Books
 k - a book of Frost

   Spells                             Type                      Level
   a - Freeze                         Ice                          1
   b - Throw Frost                    Conjuration/Ice              2
   c - Ozocubu's Armour               Charms/Ice                   3
   d - Throw Icicle                   Conjuration/Ice              4
   e - Summon Ice Beast               Ice/Summoning                4
 p - a book of Geomancy

   Spells                             Type                      Level
   a - Sandblast                      Earth                        1
   b - Passwall                       Transmutation/Earth          2
   c - Stone Arrow                    Conjuration/Earth            3
   d - Petrify                        Transmutation/Earth          4
   e - Lee's Rapid Deconstruction     Earth                        5
Comestibles
 c - 2 bread rations
 g - 6 meat rations
 l - 4 royal jellies


   Skills:
 - Level 7.0 Fighting
 - Level 7.0 Short Blades
 + Level 4.5 Armour
 + Level 5.1 Dodging
 - Level 0.8 Stealth
 + Level 9.5 Evocations


You had 9 spell levels left.
You didn't know any spells.

Dungeon Overview and Level Annotations

Branches:
Dungeon (9/15)             Temple (1/1) D:7
   Lair: D:8-11         Orc: D:9-12

Altars:
Ashenzari
Cheibriados
Dithmenos
Elyvilon
Fedhas
Gozag
Hepliaklqana
Kikubaaqudgha
Makhleb
Nemelex Xobeh
Okawaru
Qazlal
Ru
Sif Muna
Trog
Uskayaw
Vehumet
Wu Jian
Xom
Yredelemnul
Zin
The Shining One

Shops:
D:5 *

Annotations:
D:3 Oozefury's ghost, amateur BaSu
D:4 theanonym's ghost, amateur DsFi
D:5 Menkaure


Innate Abilities, Weirdness & Mutations

You have a pair of small antennae on your head.
You are partially covered in large bone plates. (SH +4)
You are partially covered in sharp spines.
When hurt, damage is shared between your health and your magic reserves.
You regenerate magic rapidly.
When low on magic, you restore magic in place of health.


Message History

The mass of ice explodes!
The iceblast engulfs the yak.
You kill the yak!
The iceblast engulfs the orc priest.
You kill the orc priest!
The iceblast engulfs you!
* * * LOW HITPOINT WARNING * * *
The orc warrior throws a tomahawk.
The tomahawk closely misses you.
You feel better.
Evoke which item? (* to show all) (? for menu, Esc to quit)
Aiming: Random Effects
Press: ? - help, Shift-Dir - straight line, f/p - orc
Aim: an orc, wielding a whip The orc looks slightly unstable.
All of the chunks of flesh in your inventory have rotted away.
Evoke which item? (* to show all) (? for menu, Esc to quit)
Okay, then.
As you read the scroll of teleportation, it crumbles to dust.
You feel strangely unstable.
The orc disappears!
The orc warrior throws a tomahawk.
The tomahawk hits you!!
You die...

##############################
............o§o(@............#
..#########..#########...#####
..# #..# #...# ..# #..# #...#
..# #.Y#########...##### ..#
#.......>..........# ..#
#.Y................#
.[#########..................#
............Y.########.......#


You could see an orc warrior and an orc.

Vanquished Creatures
  Pikel (D:5)
  Joseph (D:8)
  A troll (D:9)
  Grinder (D:3)
  A hippogriff (D:7)
  5 yaks (D:9)
  3 orc warriors
  3 ice beasts
  3 ogres
  2 centaurs (D:8)
  4 bullfrogs
  A wyvern skeleton (D:8)
  A scorpion (D:7)
  10 killer bees
  A centaur zombie (D:5)
  A crimson imp (D:8)
  3 bullfrog zombies
  A quasit (D:6)
  5 hounds
  2 jellies
  6 orc priests
  2 bullfrog skeletons
  2 centaur skeletons
  A gnoll shaman (D:9)
  2 iguanas
  11 orc wizards
  4 worker ants
  A hound skeleton (D:4)
  A worker ant zombie (D:5)
  Robin (D:3)
  9 adders
  13 gnolls
  4 shadow imps
  An ooze (D:3)
  An adder zombie (D:9)
  An adder skeleton (D:7)
  A worm (D:4)
  3 dart slugs
  6 leopard geckos
  38 orcs
  2 ball pythons
  4 bats
  10 giant cockroaches
  16 goblins
  9 hobgoblins
  9 jackals
  5 quokkas
  5 frilled lizards
  10 kobolds
  6 rats
234 creatures vanquished.

Vanquished Creatures (others)
  2 slaves (D:5)
2 creatures vanquished.

Grand Total: 236 creatures vanquished

Notes
Turn   | Place    | Note
-------+----------+-------------------------------------------
     0 | D:1      | Gerstahl the Demonspawn Artificer began the quest for the Orb.
     0 | D:1      | Reached XP level 1. HP: 15/15 MP: 3/3
    29 | D:1      | Reached skill level 1 in Short Blades
    87 | D:1      | Gained mutation: You are partially covered in sharp spines. [demonic ancestry]
    87 | D:1      | Reached XP level 2. HP: 11/21 MP: 4/4
   947 | D:1      | Gained mutation: You are partially covered in large bone plates. (SH +4) [demonic ancestry]
   947 | D:1      | Reached XP level 3. HP: 14/27 MP: 5/5
  1107 | D:2      | Noticed an orc warrior
  1293 | D:2      | Found a sparkling altar of Nemelex Xobeh.
  1681 | D:2      | Reached XP level 4. HP: 31/34 MP: 6/6
  1950 | D:2      | Found an ancient bone altar of Kikubaaqudgha.
  2007 | D:3      | Reached skill level 4 in Evocations
  2148 | D:3      | Gained mutation: When hurt, damage is shared between your health and your magic reserves. [demonic ancestry]
  2148 | D:3      | Reached XP level 5. HP: 18/40 MP: 8/8
  2458 | D:3      | Noticed Robin
  2486 | D:3      | Killed Robin
  2774 | D:3      | Found an opulent altar of Gozag.
  2810 | D:3      | Found an iron altar of Okawaru.
  2854 | D:3      | Gained mutation: You regenerate magic rapidly. [demonic ancestry]
  2854 | D:3      | Reached XP level 6. HP: 38/47 MP: 9/9
  2930 | D:3      | Noticed Grinder
  2940 | D:3      | Paralysed by Grinder for 2 turns
  2949 | D:3      | Paralysed by Grinder for 7 turns
  2950 | D:3      | Killed Grinder
  2950 | D:3      | Reached skill level 5 in Evocations
  3188 | D:3      | Found a faded altar of an unknown god.
  3188 | D:3      | Found a stormy altar of Qazlal.
  3200 | D:3      | Found a shattered altar of Ashenzari.
  3203 | D:3      | Found a faded altar of an unknown god.
  3205 | D:3      | Found a shimmering altar of Xom.
  3208 | D:3      | Became a worshipper of Ashenzari the Shackled
  3327 | D:3      | Found a burning altar of Makhleb.
  3421 | D:3      | Noticed Oozefury's ghost (amateur BaSu)
  3781 | D:4      | Gained mutation: You have a pair of small antennae on your head. [demonic ancestry]
  3781 | D:4      | Reached XP level 7. HP: 51/54 MP: 10/10
  3795 | D:4      | Noticed theanonym's ghost (amateur DsFi)
  4020 | D:4      | Found a hazy altar of Hepliaklqana.
  4669 | D:5      | Entered Level 5 of the Dungeon
  4708 | D:5      | Noticed Menkaure
  4817 | D:5      | Found Omuit's General Store.
  5253 | D:5      | Noticed Pikel
  5267 | D:5      | Killed Pikel
  5267 | D:5      | Reached skill level 5 in Fighting
  5267 | D:5      | Reached skill level 5 in Short Blades
  5267 | D:5      | Reached skill level 6 in Evocations
  5267 | D:5      | Reached XP level 8. HP: 64/64 MP: 12/12
  6112 | D:6      | Reached * piety under Ashenzari
  6306 | D:6      | Reached skill level 7 in Evocations
  7010 | D:7      | Reached XP level 9. HP: 27/71 MP: 5/14
  7268 | D:7      | Reached skill level 8 in Evocations
  7279 | D:7      | Found a blossoming altar of Fedhas.
  7399 | D:7      | Reached skill level 1 in Armour
  7570 | D:7      | Found a staircase to the Ecumenical Temple.
  7640 | Temple   | Entered the Ecumenical Temple
  8065 | D:8      | Noticed Joseph
  8218 | D:8      | Killed Joseph
  8393 | D:8      | Gained mutation: When low on magic, you restore magic in place of health. [demonic ancestry]
  8393 | D:8      | Reached XP level 10. HP: 67/79 MP: 16/16
  8626 | D:8      | Reached ** piety under Ashenzari
  8677 | D:9      | Reached skill level 9 in Evocations
  9048 | D:9      | Found a glowing golden altar of the Shining One.
  9218 | D:9      | Reached skill level 5 in Dodging
  9230 | D:9      | Hit by a tomahawk thrown by an orc warrior

Vault maps used:
D:1:      dpeg_arrival_long_road, minivault_25, wad_floor_pattern_untrapped
D:2:      old_standard_altar, first_bread, nemelex_diamond_rough_becter
D:3:      grunt_temple_overflow_open, makhleb_grotto_becter,
          chequers_temple_overflow_minitemple, kennysheep_generic_room_8,
          uniq_robin, uniq_grinder
D:4:      lemuel_coloured_pillars_altar, minmay_bent
D:5:      serial_shops, nicolae_shop_window_shopping, grunt_ministairs_11,
          uniq_pikel, uniq_menkaure
D:7:      fedhas_altar_4, minmay_temple_entry_statues
D:8:      uniq_joseph
D:9:      tso_oasis_becter
Temple:   nicolae_temple_hex_pool

Skill      XL: |  1  2  3  4  5  6  7  8  9 10 |
---------------+-------------------------------+-----
Short Blades   | 1 2 3 5 6 7 |  7.0
Fighting       | 2 3 4 5 6 7 |  7.0
Evocations     | 4 5 6 7 8 9 |  9.5
Dodging        | 3 5 |  5.1
Armour         | 3 4 |  4.5
Stealth        | |  0.8

Action                   |  1- 3 |  4- 6 |  7- 9 | 10-12 || total
-------------------------+-------+-------+-------+-------++-------
Melee: Short sword       |    78 |   136 |   429 |   129 ||   772
Evoke: Wand              |     6 |    16 |    20 |     2 ||    44
  Use: Scroll            |       |       |    11 |     2 ||    13
       Potion            |       |       |    10 |     3 ||    13
 Stab: Sleeping          |     1 |     2 |     3 |       ||     6
  Eat: Chunk             |     1 |     4 |    11 |     2 ||    18
       Bread ration      |       |     1 |       |       ||     1
       Fruit             |       |       |     2 |       ||     2
       Royal jelly       |       |       |     1 |       ||     1
Armor: Leather armour    |    20 |    20 |    54 |    15 ||   109
Dodge: Dodged            |    53 |    60 |   200 |    80 ||   393
Block: Other             |     5 |    24 |    84 |     8 ||   121

Table legend:
 A = Spawn XP
 B = Non-spawn XP
 C = Spawn XP percentage of total XP
 D = Spawn monster count
 E = Non-spawn monster count
 F = Spawn count percentage of total count
 G = Total turns spent on level
                    A         B        C        D         E        F      G
               +---------+---------+-------+---------+---------+-------+---------
         Total |       0 |    7770 |   0.0 |       0 |     234 |   0.0 |  9230
               +---------+---------+-------+---------+---------+-------+---------
           D:1 |       0 |      74 |   0.0 |       0 |      24 |   0.0 |  1534
           D:2 |       0 |      51 |   0.0 |       0 |      20 |   0.0 |   451
           D:3 |       0 |     595 |   0.0 |       0 |      50 |   0.0 |  1847
           D:4 |       0 |     289 |   0.0 |       0 |      17 |   0.0 |  1009
           D:5 |       0 |     945 |   0.0 |       0 |      23 |   0.0 |  1121
           D:6 |       0 |     695 |   0.0 |       0 |      20 |   0.0 |   994
           D:7 |       0 |    1854 |   0.0 |       0 |      41 |   0.0 |  1061
           D:8 |       0 |    1120 |   0.0 |       0 |      15 |   0.0 |   559
           D:9 |       0 |    2147 |   0.0 |       0 |      24 |   0.0 |   570
               +---------+---------+-------+---------+---------+-------+---------
